 Dungeon Crawl Stone Soup version 0.30.1-4-g462c640d31 (webtiles) character file.

Game seed: 17183061681859624280

31 Gorgoleon the Chopper (level 3, -2/31 HPs)
             Began as a Hill Orc Berserker on Aug 14, 2023.
             Was a Believer of Trog.
             Slain by a goblin
             ... wielding a +0 dagger
             ... led by Robin
              (3 damage)
             ... on level 1 of the Dungeon.
             The game lasted 00:02:59 (775 turns).

Gorgoleon the Chopper (Hill Orc Berserker)           Turns: 775, Time: 00:02:59

Health: -2/31      AC:  3    Str: 19 (21) XL:     3   Next: 22%
Magic:  3/3        EV: 11    Int:  5 (7)  God:    Trog [**....]
Gold:   54         SH:  0    Dex:  8 (10) Spells: 2/2 levels left

rFire   . . .        a - +0 hand axe
rCold   . . .        (no shield)
rNeg    . . .        g - +0 leather armour
rPois   .            (no helmet)
rElec   .            (no cloak)
rCorr   .            (no gloves)
SInv    .            (no boots)
Will    .....        (no amulet)
Stlth   +            (no ring)
HPRegen 0.25/turn    (no ring)
MPRegen 0.08/turn

%: no passive effects
@: no status effects
A: no striking features
a: Renounce Religion, Berserk, Trog's Hand


You were on level 1 of the Dungeon.
You worshipped Trog.
Trog was pleased with you.
You visited 1 branch of the dungeon, and saw 2 of its levels.

You collected 54 gold pieces.

Inventory:

Hand Weapons
 a - a +0 hand axe (weapon)
Missiles
 b - 6 stones (quivered)
Armour
 g - a +0 leather armour (worn)
Scrolls
 d - 2 scrolls of teleportation {unknown}
 e - a scroll of identify {unknown}
 f - a scroll of blinking {unknown}
 h - a scroll of torment {unknown}


   Skills:
 - Level 3.6 Fighting
 + Level 5.7 Axes
 - Level 2.1 Armour
 - Level 1.5 Dodging


You had 2 spell levels left.
You didn't know any spells.
Your spell library was empty.

Dungeon Overview and Level Annotations

Branches:
Dungeon (2/15)

Altars:

Annotations:
D:2 Robin


Message History

Robin roars a battlecry!
The goblins go into a battle-frenzy!
The ball python bites you but does no damage.
The ball python constricts you.
You hit the ball python but do no damage.
You hit the hobgoblin but do no damage. You hit the goblin.
The goblin hits you but does no damage.
The hobgoblin hits you but does no damage.
The ball python bites you but does no damage.
The ball python constricts you.
You fail to use your ability.
The goblin hits you but does no damage. The hobgoblin hits you.
Robin hits you from afar with a +0 trident.
The ball python barely misses you. The ball python constricts you.
Unknown command.
You escape the ball python's grasp.
The goblin hits you with a +0 dagger.
* * * LOW HITPOINT WARNING * * *
The hobgoblin barely misses you. The ball python barely misses you.
The ball python grabs you.
You stop ascending the stairs.
The ball python constricts you.
* * * LOW HITPOINT WARNING * * *
Unknown command.
You escape the ball python's grasp.
The goblin closely misses you. The hobgoblin barely misses you.
You climb upwards.
There is a stone staircase leading down here.
You hit the hobgoblin but do no damage. You barely miss the goblin.
The goblin hits you with a +0 dagger.
* * * LOW HITPOINT WARNING * * *
The hobgoblin barely misses you.
You completely miss the hobgoblin. You closely miss the goblin.
The hobgoblin hits you.
* * * LOW HITPOINT WARNING * * *
The goblin hits you with a +0 dagger.
* * * LOW HITPOINT WARNING * * *
It was a potion of degeneration.
There was something very wrong with that liquid.
You feel weakened.
You feel dopey.
You feel clumsy. The hobgoblin misses you.
The goblin hits you with a +0 dagger.
You die...

#.#.### #.....#.......# #..#
..>.##########...##...#######..##
..###...#'..#+###'...'#...##.....
...#.....##.#........#.....#.....
...#..<..##.#..⌠##...#.....#.....
##.#.....#...........#.....#....(
##.##...#+.....#.....+#...##.....
##..#####...####g##...#####......
...........#####@##.#.## #.......
######.........#g#..#..# #.......
...###.##..###..S#.###.###.....#.
##.....##.####.....###...#......#
#####...#.###..###..#........#...
......#..###..## #............#..
########.....## #.##......#...##
# #...#######.##.......#..#.
##.#.........#######...###.


You could see a hobgoblin (strong), a goblin (strong) and a ball python.

Vanquished Creatures
  3 dart slugs (D:1)
  6 ball pythons
  4 goblins
  A hobgoblin (D:1)
  A quokka (D:1)
  7 bats (D:1)
  2 frilled lizards (D:1)
  3 rats
27 creatures vanquished.

Notes
Turn   | Place    | Note
-------+----------+-------------------------------------------
     0 | D:1      | Gorgoleon the Hill Orc Berserker began the quest for the
                  | Orb.
     0 | D:1      | Reached XP level 1. HP: 19/19 MP: 1/1
   194 | D:1      | Reached XP level 2. HP: 26/26 MP: 2/2
   243 | D:1      | Reached skill level 5 in Axes
   538 | D:1      | Reached XP level 3. HP: 30/31 MP: 3/3
   539 | D:1      | Reached ** piety under Trog
   764 | D:2      | Noticed Robin
   774 | D:1      | HP: 1/31 [goblin/+0 dagger[Robin] (4)]
   775 | D:1      | Slain by a goblin

Illustrated notes

Levels and vault maps discovered:
D:1:      noname_arrival_rooms_in_the_neighbourhood, layout_rooms,
          minmay_splitting_lines
D:2:      layout_rooms, kennysheep_generic_room_10, uniq_natasha, uniq_robin

Skill      XL: |  1  2 |
---------------+-------+-----
Axes           | 5 |  5.7
Fighting       | |  3.6
Armour         | |  2.1
Dodging        | |  1.5

Action                     || total
---------------------------++-------
  Melee: Hand axe          ||   108
         Punch             ||     1
    Use: Potion            ||     1
 Armour: Animal skin       ||    22
         Leather armour    ||    11
  Dodge: Dodged            ||    79
